 Dungeon Crawl Stone Soup version 0.31-a0-542-gdc2a67831c (webtiles) character file.

Game seed: 3581115721804273343

2148 Arcadio the Skirmisher (level 9, -6/73 (74) HPs)
             Began as a Formicid Hunter on Aug 14, 2023.
             Was a Believer of Cheibriados.
             Mangled by an orc warrior
             ... wielding a +0 halberd
              (12 damage)
             ... on level 7 of the Dungeon.
             The game lasted 00:18:29 (7781 turns).

Arcadio the Skirmisher (Formicid Hunter)            Turns: 7781, Time: 00:18:29

HP:   -6/73 (74)    AC: 11    Str: 22    XL:     9   Next: 56%
MP:   9/9           EV: 13    Int: 13    God:    Cheibriados [**....]
Gold: 170           SH:  0    Dex: 26    Spells: 8/8 levels left

rFire   + + .        b - +4 dagger (flame)
rCold   . . .        (no shield)
rNeg    . . .        C - +0 steam dragon scales
rPois   .            (helmet unavailable)
rElec   .            t - +0 cloak
rCorr   .            p - +1 pair of gloves
SInv    +            s - +0 pair of boots
Will    .....        (no amulet)
Stlth   ++           u - ring of protection from fire
HPRegen 0.32/turn    v - ring of protection from fire
MPRegen 0.11/turn

%: no passive effects
@: lightly drained, very slow
A: permanent stasis, dig shafts and tunnels, antennae 3, four strong arms
a: Dig, Shaft Self, Renounce Religion, Bend Time


You were on level 7 of the Dungeon.
You worshipped Cheibriados.
Cheibriados was pleased with you.
You visited 2 branches of the dungeon, and saw 9 of its levels.

You collected 386 gold pieces.
You spent 216 gold pieces at shops.

Inventory:

Hand Weapons
 a - a +0 shortbow
 b - a +4 dagger of flaming (weapon)
Missiles
 f - 4 throwing nets
Armour
 l - a +0 kite shield
 o - a +0 chain mail
 p - a +1 pair of gloves (worn)
 s - a +0 pair of boots (worn)
 t - a +0 cloak (worn)
 C - +0 steam dragon scales (worn)
Jewellery
 m - a ring of fire
 u - a ring of protection from fire (left hand)
 v - a ring of protection from fire (right hand)
 z - a ring of flight
Wands
 g - a wand of charming (10)
 x - a wand of quicksilver (5)
 B - a wand of iceblast (10)
Scrolls
 c - a scroll of noise {unknown}
 e - a scroll of butterflies
 i - 2 scrolls of fear
 j - a scroll of vulnerability {unknown}
 n - a scroll of blinking {unknown}
 q - 2 scrolls of enchant weapon
 r - a scroll of identify
 y - a scroll of fog {unknown}
Potions
 d - a potion of attraction
 k - 2 potions of curing
 w - a potion of lignification
 A - a potion of haste {unknown}


   Skills:
 + Level 8.0 Fighting
 + Level 8.0 Ranged Weapons
 + Level 7.4 Armour
 - Level 1.7 Dodging
 - Level 1.2 Stealth


You had 8 spell levels left.
You didn't know any spells.
Your spell library contained the following spells:

 Spells                   Type           Power      Damage    Failure   Level
 Scorch                   Fire           0%         2d5       43%         2
 Gell's Gravitas          Tloc           0%         N/A       67%         3
 Ozocubu's Armour         Ice            0%         N/A       67%         3
 Teleport Other           Tloc           0%         N/A       67%         3
 Animate Dead             Necr           0%         N/A       97%         4
 Flame Wave               Conj/Fire      0%         2d4       97%         4
 Arcjolt                  Conj/Air       0%         1d10      100%        5
 Metabolic Englaciation   Hex/Ice        0%         N/A       100%        5
 Dispersal                Tloc           0%         N/A       100%        6
 Simulacrum               Ice/Necr       0%         N/A       100%        6
 Summon Cactus Giant      Summ           0%         N/A       100%        6
 Haunt                    Necr/Summ      0%         N/A       100%        7
 Ozocubu's Refrigeration  Ice            0%         4d7       100%        7
 Infestation              Necr           0%         N/A       100%        8
 Maxwell's Capacitive Co  Air            0%         ∞         100%        8
 Vhi's Electric Charge    Tloc/Air       Unusable   N/A       N/A         3

Dungeon Overview and Level Annotations

Branches:
Dungeon (8/15) Zot: 38324  Temple (1/1) D:6 Zot: 8946
   Lair: D:8-11

Altars:
Ashenzari
Cheibriados
Dithmenos
Elyvilon
Fedhas
Gozag
Hepliaklqana
Makhleb
Nemelex Xobeh
Okawaru
Qazlal
Ru
Sif Muna
Uskayaw
Vehumet
Wu Jian
Xom
Yredelemnul
Zin
The Shining One

Shops:
D:3 :   D:5 [   D:6 (

Annotations:
D:5 2 transporters, TobyConnect's ghost, amateur DsSh
D:6 1 runed translucent door, Crazy Yiuf; Jeremiah
Temple 2 transporters


Innate Abilities, Weirdness & Mutations

You cannot be hasted, slowed, berserked, paralysed or teleported.
You can dig through walls and to a lower floor.
You have a pair of large antennae on your head. (SInv)
Your four strong arms can wield two-handed weapons with a shield.


Message History

You closely miss the orc.
The orc is moderately wounded.
The orc barely misses you.
The orc warrior hits you from afar with a +0 halberd.
You hit the orc. You burn the orc.
The orc is almost dead.
The orc barely misses you. The orc warrior closely misses you.
You closely miss the orc.
The orc is almost dead.
The orc hits you with a +0 flail!
The orc warrior hits you from afar with a +0 halberd.
You hit the orc but do no damage.
The orc is almost dead.
The orc barely misses you. The orc warrior barely misses you.
You hit the orc but do no damage.
The orc is almost dead.
The orc closely misses you. The orc warrior closely misses you.
You hit the orc. You burn the orc.
You kill the orc!
Cheibriados appreciates the change of pace.
The orc warrior misses you. 2 orcs come into view.
The orc shouts!
The orc warrior hits you with a +0 halberd!
The orc warrior misses you.
The orc moves out of view. x2
Items here: )) [[.
The orc wizard shouts!
You hit the orc warrior. You burn the orc warrior.
The orc warrior is lightly wounded.
The orc warrior hits you with a +0 halberd!
* * * LOW HITPOINT WARNING * * *
You hit the orc warrior. You burn the orc warrior.
The orc warrior is moderately wounded.
The orc warrior hits you with a +0 halberd.
* * * LOW HITPOINT WARNING * * *
The orc warrior hits you with a +0 halberd!
* * * LOW HITPOINT WARNING * * *
You begin to dig a shaft.
You continue digging a shaft.
The orc warrior hits you with a +0 halberd!
You die...

#.#....# ##### #...........
#.#....# #####.....##
#.#....# #..[..## #.#....#
######## #.#....# ##########
#.#....# ###........o
#.#....# ##8..8..8..8.
#.#...###########oooo.......o
#.#######...@ooooooo...oooo..
#.........#######ooo........o
#########.# ##8..8..8..8o #.#
###........o #.# ##########
#.# #.# #.# #.# #.# #.#
#.###########.#


You could see 2 orc warriors, an orc priest, 2 orc wizards and 8 orcs.

Vanquished Creatures
  A steam dragon (D:7)
  Duvessa (D:6)
  2 water moccasins
  An ice beast (D:5)
  A black bear (D:5)
  3 ogres
  2 gnoll sergeants (D:7)
  A kobold brigand (D:7)
  A scorpion (D:7)
  A bullfrog (D:7)
  Dowan (D:6)
  A wight (D:7)
  5 orc priests
  3 jellies
  A gnoll bouda (D:4)
  5 hounds
  5 iguanas
  3 orc wizards
  7 gnolls
  8 adders
  2 ufetubi
  4 worms
  19 orcs
  7 ball pythons
  6 endoplasms
  5 giant cockroaches
  4 goblins
  9 hobgoblins
  4 jackals
  13 kobolds
  5 bats
  2 rats
133 creatures vanquished.

Notes
Turn   | Place    | Note
-------+----------+-------------------------------------------
     0 | D:1      | Arcadio the Formicid Hunter began the quest for the Orb.
     0 | D:1      | Reached XP level 1. HP: 16/16 MP: 1/1
   173 | D:1      | Reached XP level 2. HP: 23/23 MP: 2/2
   350 | D:1      | Reached skill level 1 in Armour
   750 | D:2      | Reached XP level 3. HP: 28/28 MP: 3/3
  1100 | D:2      | Reached XP level 4. HP: 35/35 MP: 4/4
  1877 | D:3      | Found Nosoud's Book Shoppe.
  2017 | D:3      | Found a faded altar of an unknown god.
  2056 | D:3      | Noticed a water moccasin
  2060 | D:3      | You fall into a shaft and drop 3 floors!
  2066 | D:5      | Entered Level 5 of the Dungeon
  2079 | D:5      | Reached XP level 5. HP: 30/41 MP: 5/5
  2320 | D:4      | Reached skill level 5 in Ranged Weapons
  2484 | D:4      | Reached XP level 6. HP: 29/48 MP: 6/6
  2707 | D:4      | Noticed an ogre
  2714 | D:4      | Killed an ogre
  2790 | D:4      | Noticed an ogre
  2794 | D:4      | HP: 2/49 [ogre/+0 giant spiked club (14)]
  2795 | D:4      | You fall into a shaft and drop 2 floors!
  3117 | D:6      | Reached XP level 7. HP: 43/55 MP: 7/7
  3307 | D:6      | Found a staircase to the Ecumenical Temple.
  3317 | Temple   | Found a transporter.
  3317 | Temple   | Found a transporter.
  3317 | Temple   | Found a transporter.
  3317 | Temple   | Found a transporter.
  3317 | Temple   | Entered the Ecumenical Temple
  3343 | Temple   | Became a worshipper of Cheibriados the Contemplative
  3369 | D:5      | Reached skill level 5 in Fighting
  3869 | D:4      | Found a basalt altar of Yredelemnul.
  4090 | D:3      | Killed a water moccasin
  4091 | D:3      | Reached skill level 5 in Armour
  4091 | D:3      | Reached XP level 8. HP: 23/64 MP: 8/8
  4362 | D:5      | Found Kuufi's Antique Armour Shoppe.
  4708 | D:5      | Bought a pair of boots for 108 gold pieces
  4708 | D:5      | Bought a cloak for 108 gold pieces
  5024 | D:5      | Found a transporter.
  5029 | D:5      | Found a transporter.
  5044 | D:5      | Noticed TobyConnect's ghost (amateur DsSh)
  5111 | D:5      | Found a white marble altar of Elyvilon.
  5118 | D:5      | Found a sparkling altar of Nemelex Xobeh.
  5234 | D:6      | Reached * piety under Cheibriados
  5318 | D:6      | Noticed Jeremiah
  5438 | D:6      | Found Igemess's Weapon Emporium.
  5659 | D:6      | Found a runed translucent door.
  5660 | D:6      | Noticed Crazy Yiuf
  5703 | D:6      | Noticed Dowan
  5704 | D:6      | Noticed Duvessa
  5729 | D:6      | Killed Duvessa
  5739 | D:6      | Killed Dowan
  5740 | D:6      | Reached XP level 9. HP: 18/72 MP: 9/9
  5983 | D:7      | You fall into a shaft and drop 1 floor!
  6360 | D:7      | Reached ** piety under Cheibriados
  6557 | D:7      | Found a runed translucent door.
  7781 | D:7      | Mangled by an orc warrior

Illustrated notes

Levels and vault maps discovered:
D:1:      nagdon_arrival_zigzag_paths, layout_basic
D:2:      layout_loops_cross
D:3:      layout_loops_corners, serial_shops, shop,
          shapermc_ecumenical_altar_acropolis, reono_crystal_passage
D:4:      layout_loops_ring, kennysheep_little_box, st_stairs_2
D:5:      layout_cave_pools, amethyst_overflow_temple_binary,
          gammafunk_ghost_hive, serial_shops, shop
D:6:      layout_loops_cross, tgw_trog, minmay_temple_entry_crystal_x,
          serial_shops, nicolae_shop_stone,
          hangedman_abyss_or_decor_lesser_grid, uniq_duvessa,
          uniq_crazy_yiuf_cottage, uniq_edmund, uniq_eustachio, uniq_jeremiah
D:7:      layout_basic, st_stairs_1, lightli_church_of_beogh
D:8:      nzn_winding_woodlands_large [nzn_winding_woodlands_5x5_open_star,
          nzn_winding_woodlands_5x15_default, nzn_winding_woodlands_5x5_cross,
          nzn_winding_woodlands_center_pierced_h,
          nzn_winding_woodlands_15x15_five_gardens,
          nzn_winding_woodlands_center_diamonds,
          nzn_winding_woodlands_5x5_closed_star,
          nzn_winding_woodlands_5x15_sidewinder,
          nzn_winding_woodlands_5x5_checkerboard], layout_rooms,
          kb_lookout_dungeons_type, uniq_joseph
Temple:   hellmonk_temple_divided_pantheon

Skill      XL: |  1  2  3  4  5  6  7  8  9 |
---------------+----------------------------+-----
Armour         | 1 2 3 5 6 7 |  7.4
Fighting       | 3 4 5 7 8 |  8.0
Ranged Weapons | 5 6 7 8 |  8.0
Dodging        | |  1.7
Stealth        | |  1.2

Action                     |  1- 3 |  4- 6 |  7- 9 || total
---------------------------+-------+-------+-------++-------
  Melee: Dagger            |    14 |    88 |   287 ||   389
         Punch             |       |       |     7 ||     7
   Fire: Shortbow          |    59 |    48 |    77 ||   184
 Invoke: Bend Time         |       |       |     1 ||     1
Ability: Shaft Self        |       |     2 |     2 ||     4
    Use: Scroll            |       |     6 |     2 ||     8
         Potion            |       |       |     3 ||     3
   Stab: Sleeping          |     1 |       |     1 ||     2
 Armour: Leather armour    |     5 |     4 |    57 ||    66
         Ring mail         |       |    35 |    21 ||    56
         Steam dragon scal |       |       |    10 ||    10
  Dodge: Dodged            |    12 |    59 |   185 ||   256

Table legend: (Time is in decaauts)
 A = Elapsed time spent in this place.
 B = Non-inter-level travel time spent in this place.
 C = Inter-level travel time spent in this place.
 D = Time resting spent in this place.
 E = Time spent auto-exploring this place.
 F = Levels seen in this place.
 G = Mean time per level.
                   A        B        C        D        E       F      G
               +--------+--------+--------+--------+--------+-----+--------+
         Total |   8628 |   8427 |    201 |   2042 |   4651 |   9 |  958.7 |
       Dungeon |   8588 |   8387 |    201 |   2042 |   4651 |   8 | 1073.5 |
        Temple |     40 |     40 |      0 |      0 |      0 |   1 |   40.0 |
               +--------+--------+--------+--------+--------+-----+--------+

Top non-repeatable levels by time:
     D:7: 2072 daAuts
     D:6: 1340 daAuts
     D:4: 1331 daAuts
     D:3: 1201 daAuts
     D:5: 1176 daAuts
     D:1: 665 daAuts
     D:2: 651 daAuts
     D:8: 149 daAuts
  Temple: 40 daAuts
